 Dungeon Crawl Stone Soup version 0.26.1-10-gdfb7c7de75 (webtiles) character file.

Game seed: 5925000874157540741

71 manyhoops the Ruffian (level 4, -12/40 HPs)
             Began as a Palentonga Transmuter on Apr 9, 2021.
             Mangled by an ice beast (14 damage)
             ... on level 3 of the Dungeon.
             The game lasted 00:02:10 (2133 turns).

manyhoops the Ruffian (Palentonga Transmuter)       Turns: 2133, Time: 00:02:11

Health: -12/40     AC:  4    Str: 14    XL:     4   Next: 5%
Magic:  7/7        EV: 10    Int: 13    God:
Gold:   80         SH:  0    Dex: 11    Spells: 6/7 levels left

rFire    . . .     SeeInvis +     - Unarmed
rCold    . . .     Faith    .   (no shield)
rNeg     + . .     Spirit   .   a - +0 robe
rPois    .         Reflect  .   (no helmet)
rElec    .         Harm     .   (no cloak)
rCorr    .         Rampage  .   (no gloves)
Will     .....                  (no barding)
Stlth    +.........             (no amulet)
HPRegen  0.13/turn              d - ring of positive energy
MPRegen  0.10/turn              (no ring)

@: berserk cooldown, flying, slowed, very slow
A: large, rugged brown scales 3, see invisible, deformed body, roll 1, armoured
tail
a: Rolling Charge


You were on level 3 of the Dungeon.
You visited 1 branch of the dungeon, and saw 3 of its levels.

You collected 80 gold pieces.

Inventory:

Armour
 a - a +0 robe (worn)
Jewellery
 d - a ring of positive energy (left hand)
Scrolls
 b - 2 scrolls of teleportation
 j - a scroll of remove curse
Potions
 e - a potion of lignification {unknown}
 f - a potion of flight
 g - a potion of attraction {unknown}
 h - 2 potions of heal wounds
 k - a potion of haste {unknown}
 l - a potion of ambrosia {unknown}


   Skills:
 + Level 3.5 Fighting
 - Level 1.5 Dodging
 - Level 3.5 Unarmed Combat
 - Level 2.0 Spellcasting
 - Level 2.0 Transmutations


You had 6 spell levels left.
You knew the following spells:

 Your Spells              Type           Power        Failure   Level
a - Beastly Appendage     Tmut           12%          11%         1

Your spell library contained the following spells:

 Spells                   Type           Power        Failure   Level
 Wereblood                Tmut           6%           17%         2
 Spider Form              Tmut/Pois      1%           45%         3
 Ice Form                 Ice/Tmut       3%           86%         4
 Blade Hands              Tmut           3%           97%         5


Dungeon Overview and Level Annotations

Branches:
Dungeon (3/15)

Altars:
Hepliaklqana
Ru
The Shining One


Innate Abilities, Weirdness & Mutations

You are completely covered in rugged brown scales. (AC +3, +7% HP)
You have supernaturally acute eyesight. (SInv)
Armour fits poorly on your strangely shaped body.
You can roll at nearby foes to attack.
You have a long armoured tail.


Message History

You completely miss the ice beast. The bat barely misses you. x3
The leopard gecko bites you but does no damage.
The ice beast hits you. The ice beast freezes you!
* * * LOW HITPOINT WARNING * * *
You are too injured to fight recklessly!
You are too injured to fight recklessly!
Unknown command.
A goblin comes into view.
The bat closely misses you.
The leopard gecko bites you but does no damage.
The goblin shouts!
The bat hits you but does no damage. The bat hits you but does no damage.
The leopard gecko bites you but does no damage.
The leopard gecko bites you.
* * * LOW HITPOINT WARNING * * *
The ice beast hits you.
* * * LOW HITPOINT WARNING * * *
The ice beast freezes you!
You die...

#=.## #.....# #.#...
...( ##......###.##.#
#..##......###......
#.................?#
#####.................#
......................#
####...b............#.
#.Yl............. .
###@...g.......... .
##.........#...##.# .
#..#######.###. #. .
#....# ...# #. . ####.#
#.. .. . #.## ## ..
#..### ... ##...#
#####....
###.#####.<....#


You could see an ice beast, a leopard gecko, a goblin and a bat.

Vanquished Creatures
  An adder (D:2)
  An ooze (D:1)
  2 dart slugs
  3 leopard geckos
  2 ball pythons (D:1)
  3 bats
  3 giant cockroaches
  8 hobgoblins
  2 jackals (D:1)
  3 kobolds (D:1)
  10 frilled lizards
  4 goblins (D:1)
  A quokka skeleton (D:3)
  9 rats
52 creatures vanquished.

Notes
Turn   | Place    | Note
-------+----------+-------------------------------------------
     0 | D:1      | manyhoops the Palentonga Transmuter began the quest for the
                  | Orb.
     0 | D:1      | Reached XP level 1. HP: 17/17 MP: 3/3
   250 | D:1      | Reached XP level 2. HP: 16/24 MP: 3/5
   778 | D:1      | Reached XP level 3. HP: 32/32 MP: 4/6
  1460 | D:2      | Found a glowing golden altar of the Shining One.
  1481 | D:2      | Found a hazy altar of Hepliaklqana.
  1483 | D:2      | Found a sacrificial altar of Ru.
  2016 | D:3      | Noticed an ice beast
  2037 | D:2      | Reached XP level 4. HP: 33/40 MP: 5/7
  2133 | D:3      | HP: 2/40 [ice beast (3)]
  2133 | D:3      | Mangled by an ice beast

Illustrated notes

Levels and vault maps discovered:
D:1:      psy_arrival_heroes, layout_loops_ring, serial_aquarium,
          aquarium_bridge_square [aquarium_subvault_bridge,
          aquarium_subvault_wall, aquarium_subvault_bridge,
          aquarium_subvault_window], aquarium_bridge_square
          [aquarium_subvault_bridge, aquarium_subvault_wall,
          aquarium_subvault_wall, aquarium_subvault_bridge], aquarium_window_1,
          aquarium_window_2, aquarium_view_2d, aquarium_view_2c,
          minmay_lizard_pond
D:2:      layout_basic, grunt_temple_overflow_open
D:3:      layout_rooms, lightli_sewer_entry_pipes, minmay_pentomino_pile,
          uniq_natasha

Skill      XL: |  1  2  3 |
---------------+----------+-----
Fighting       | 2 3 |  3.5
Dodging        | |  1.5
Unarmed Combat | |  3.5
Spellcasting   | |  2.0
Transmutations | |  2.0

Action                   |  1- 3 |  4- 6 || total
-------------------------+-------+-------++-------
Melee: Unarmed           |   122 |     9 ||   131
       Kick              |    22 |     2 ||    24
       Headbutt          |     9 |       ||     9
       Tailslap          |    10 |     1 ||    11
       Punch             |     1 |     1 ||     2
 Cast: Beastly Appendage |    25 |     2 ||    27
  Use: Scroll            |     3 |       ||     3
       Potion            |       |     2 ||     2
Armor: Robe              |    32 |     5 ||    37
Dodge: Dodged            |    49 |    11 ||    60
